 Dungeon Crawl Stone Soup version 0.30-a0-586-g23e55c9e0a (webtiles) character file.

Game seed: 17523634934896972299

74666 demibob the Severer (level 15, -8/117 HPs)
             Began as a Minotaur Monk on Jan 3, 2023.
             Was the Champion of Wu Jian.
             Collided with a stone wall (13 damage)
             ... caused by a wretched star
             ... on level 1 of the Abyss.
             The game lasted 00:27:05 (20291 turns).

demibob the Severer (Minotaur Monk)                Turns: 20291, Time: 00:27:06

Health: -8/117     AC: 12    Str: 15      XL:     15   Next: 7%
Magic:  11/11      EV: 17    Int:  0 (1)  God:    Wu Jian [******]
Gold:   1531       SH:  5    Dex: 15 (17) Spells: 14/14 levels left

rFire   x x x      SeeInvis .    a - +4 battleaxe
rCold   x x .      Faith    .    (shield currently unavailable)
rNeg    . . .      Spirit   .    n - +4 ring mail of Free Will {rElec rPois Int-2}
rPois   +          Reflect  +    (helmet restricted)
rElec   +          Harm     .    s - +0 cloak
rCorr   +          Rampage  .    (no gloves)
Will    +....      Rage     9%   (no boots)
Stlth   +                        q - amulet of reflection
HPRegen 0.00/turn                R - ring of resist corrosion
MPRegen 0.12/turn                E - +5 ring of evasion

@: mighty, inhibited regen, slowed, lost intelligence, unable to read, very slow
A: horns 2, retaliatory headbutt, [berserk 2], [deformed body], [deterioration
2], [dopey 2], [frail 2], [low MP 2], [inhibited regeneration], [weak 2], [no
potion heal 2], [cold vulnerability 2], [heat vulnerability 3]
a: Renounce Religion, Wall Jump, Serpent's Lash, Heavenly Storm


You were on level 1 of the Abyss.
You worshipped Wu Jian.
Wu Jian was exalted by your worship.
You visited 3 branches of the dungeon, and saw 21 of its levels.
You visited the Abyss 1 time.

You collected 1531 gold pieces.


Innate Abilities, Weirdness & Mutations

You have a pair of horns on your head.
You reflexively headbutt those who attack you in melee.
[You have an uncontrollable temper.]
[Armour fits poorly on your strangely shaped body.]
[Your body often deteriorates upon taking damage.]
[You are very dopey. (Int -4)]
[You are very frail. (-20% HP)]
[Your magical capacity is very low. (-20% MP)]
[You do not regenerate when monsters are visible.]
[You are very weak. (Str -4)]
[Potions cannot restore your health.]
[You are very vulnerable to cold. (rC--)]
[You are extremely vulnerable to heat. (rF---)]


   Skills:
 + Level 17.3 Fighting
 - Level 20.0 Axes
 + Level 17.0 Armour
 - Level 3.2 Dodging
 - Level 1.5 Stealth
 + Level 5.5 Evocations


You had 14 spell levels left.
You didn't know any spells.
Your spell library contained the following spells:

 Spells                   Type           Power      Damage    Failure   Level
 Kiss of Death            Conj/Necr      0%         2d5       75%         1
 Magic Dart               Conj           0%         1d3       75%         1
 Necrotise                Necr           0%         1d4       75%         1
 Shock                    Conj/Air       0%         1d3       75%         1
 Slow                     Hex            0%         N/A       75%         1
 Summon Small Mammal      Summ           0%         N/A       75%         1
 Call Imp                 Summ           0%         N/A       86%         2
 Ensorcelled Hibernation  Hex/Ice        0%         N/A       86%         2
 Sublimation of Blood     Necr           0%         N/A       86%         2
 Wereblood                Tmut           0%         N/A       86%         2
 Call Canine Familiar     Summ           0%         N/A       98%         3
 Confusing Touch          Hex            0%         N/A       98%         3
 Mephitic Cloud           Conj/Pois/Air  0%         N/A       98%         3
 Spider Form              Tmut/Pois      0%         N/A       98%         3
 Summon Guardian Golem    Hex/Summ       0%         N/A       98%         3
 Swiftness                Air            0%         N/A       98%         3
 Vampiric Draining        Necr           0%         2d6       98%         3
 Airstrike                Air            0%         2d(0-16)  100%        4
 Anguish                  Hex/Necr       0%         N/A       100%        4
 Dispel Undead            Necr           0%         3d6       100%        4
 Passage of Golubria      Tloc           0%         N/A       100%        4
 Petrify                  Tmut/Erth      0%         N/A       100%        4
 Summon Ice Beast         Ice/Summ       0%         N/A       100%        4
 Agony                    Necr           0%         N/A       100%        5
 Irradiate                Conj/Tmut      0%         3d11      100%        5
 Silence                  Hex/Air        0%         N/A       100%        5
 Summon Mana Viper        Hex/Summ       0%         N/A       100%        5
 Monstrous Menagerie      Summ           0%         N/A       100%        7
 Summon Hydra             Summ           0%         N/A       100%        7
 Lehudib's Crystal Spear  Conj/Erth      0%         10d2      100%        8

Inventory:

Hand Weapons
 a - a +4 battleaxe (weapon)
 b - a +4 war axe of flaming
 k - the +5 demon whip "Spellbinder" {antimagic, Will+}
   (You found it on level 4 of the Dungeon)

   It reduces the magical energy of the wielder, and disrupts the spells and
   magical abilities of those it strikes.
   Natural abilities and divine invocations are not affected.
   It unleashes wild and unpredictable magical effects upon striking a wizard or
   a creature with magical abilities.
   Will:      It increases your willpower.
Missiles
 g - 10 atropa-tipped darts (quivered)
 i - 2 throwing nets {=f}
 m - 2 datura-tipped darts
Armour
 n - the +4 ring mail of Free Will (worn) {rElec rPois Int-2}
   (You found it on level 6 of the Dungeon)

   Int:       It affects your intelligence (-2).
   rElec:     It insulates you from electricity.
   rPois:     It protects you from poison.
 s - a +0 cloak (worn)
Magical Staves
 D - a staff of death {!a}
Jewellery
 e - an amulet of guardian spirit
 q - an amulet of reflection (around neck)
 C - a ring of ice
 E - a +5 ring of evasion (right hand)
 F - a ring of fire
 L - a ring of flight
 P - a ring of poison resistance
 R - a ring of resist corrosion (left hand)
 S - a +6 ring of strength
Wands
 c - a wand of polymorph (7)
 r - a wand of mindburst (9)
 w - a wand of digging (2)
 x - a wand of charming (29)
 H - a wand of flame (21)
 J - a wand of acid (1)
Scrolls
 u - a scroll of fog
 y - a scroll of butterflies
 z - a scroll of enchant weapon
 A - 5 scrolls of enchant armour
 B - 2 scrolls of identify {@r1}
Potions
 f - 2 potions of mutation
 j - 6 potions of lignification
 l - a potion of cancellation
 o - 4 potions of attraction
 p - 7 potions of curing {@q1}
 t - a potion of resistance {unknown}
 v - 2 potions of heal wounds {@q2}
 G - a potion of haste {@q3}
Miscellaneous
 d - a phantom mirror (inert)

Dungeon Overview and Level Annotations

Branches:
Dungeon (14/15)            Temple (0/1) D:6            Lair (5/5) D:9
 Shoals (0/4) Lair:3       Spider (0/4) Lair:3        Slime (0/5) Lair:5
    Orc (2/2) D:9
    Elf: Orc:2       Vaults: D:13-14

Altars:
Fedhas
Makhleb
Okawaru
Qazlal
Wu Jian
Xom
Yredelemnul
Zin

Shops:
D:7 =(   D:12 *

Annotations:
D:7 1 runed translucent door, Crazy Yiuf
Lair:1 exclusion: oklob plant
Lair:3 1 runed translucent door, Liwostraq's ghost, journeyman MeFi

.. .# .. .
▒▒▒▒.##
▒..▒..▒
▒..▒▒.▒▒.░░
▒@........░
▒.✱..▒▒.▓..#
▒.▒.▒.▒ .▒
▒....▒.. #
▒▓▓.####....
... ..#▒ ...
#. ▒.... ▓.


You could see a wretched star.


Message History

* * * LOW HITPOINT WARNING * * *
You headbutt the jelly.
The jelly is severely wounded.
The jelly misses you. You furiously retaliate!
You headbutt the jelly!
You kill the jelly!
The Council accepts your kill.
The wretched star pulses with an eldritch light!
You feel vulnerable to heat.
You feel less energetic. x2
Okay, then.
Enter note: death
Enter note: lmao You cannot read scrolls in your current state!
Okay, then.
You feel very mighty all of a sudden.
The wretched star pulses with an eldritch light!
Your regeneration stops near monsters.
You chop the wretched star into pieces!!!
You destroy the wretched star!
The Council accepts your kill.
You slash the wretched star!
Your Armour skill increases to level 17!
You barely miss the wretched star. You headbutt the wretched star.
The wretched star is moderately damaged.
The wretched star glows turbulently.
The lance of force hits you!
* * * LOW HITPOINT WARNING * * *
Your body deteriorates!
You feel clumsy.
You are knocked back by the lance of force.
You slam into the stone wall!
You die...

Skill      XL: |  1  2  3  4  5  6  7  8  9 10 11 12 13 14 15 |
---------------+----------------------------------------------+-----
Axes           | 4 5 6 7 8 9 11 13 14 15 17 18 19 20 | 20.0
Armour         | 2 6 9 11 13 15 16 17 | 17.0
Fighting       | 4 7 9 11 13 15 17 | 17.3
Evocations     | 5 |  5.5
Dodging        | |  3.2
Stealth        | |  1.5

Action                   |  1- 3 |  4- 6 |  7- 9 | 10-12 | 13-15 || total
-------------------------+-------+-------+-------+-------+-------++-------
Melee: Hand axe          |    93 |   117 |   127 |       |       ||   337
       Headbutt          |    17 |    16 |    39 |   132 |   172 ||   376
       Punch             |     1 |       |     3 |       |       ||     4
       Battleaxe         |       |       |    46 |   467 |   678 ||  1191
       War axe           |       |       |    31 |    11 |     4 ||    46
Throw: Dart              |       |       |       |     9 |       ||     9
Invok: Lunge             |       |       |     9 |    27 |    47 ||    83
       Whirlwind         |       |       |       |     4 |     8 ||    12
       Serpent's Lash    |       |       |       |     1 |       ||     1
Evoke: Wand              |       |       |     1 |     1 |     9 ||    11
       Phantom mirror    |       |       |       |       |     2 ||     2
  Use: Scroll            |     2 |     7 |     6 |     9 |     7 ||    31
       Potion            |       |     1 |     1 |     2 |     9 ||    13
 Stab: Sleeping          |     3 |     2 |     1 |     3 |       ||     9
       Distracted        |       |     1 |     1 |       |     1 ||     3
       Petrified         |       |       |       |       |     8 ||     8
       Petrifying        |       |       |       |       |     3 ||     3
Armor: Robe              |    17 |    36 |    14 |       |       ||    67
       Ring mail         |       |       |    18 |    99 |   162 ||   279
Dodge: Dodged            |    68 |   116 |   126 |   305 |   403 ||  1018
Block: Other             |       |       |    32 |   105 |   126 ||   263
       Reflection        |       |       |       |     4 |     5 ||     9

Levels and vault maps discovered:
D:1:      zelgadis_glass_arrival_small, layout_basic
D:2:      layout_rooms, minmay_surrounded
D:3:      layout_rooms, goddamned_bats
D:4:      layout_rooms, nicolae_wu_jian_glorious_leap,
          mainiacjoe_overflow_cross_hatched
D:5:      layout_cave_pools, amcnicky_mini_corridor_feature
D:6:      layout_cave_pools, temple_fountains, minmay_small_thing
D:7:      layout_basic, grunt_temple_overflow_order_and_chaos_1, okawaru_humans,
          makhleb_altar_promises_db, serial_shops, shop_coins,
          nicolae_shop_unique_rings, serial_bayou_lagoon_a, grunt_tough_drop,
          uniq_menkaure, uniq_pikel, uniq_maggie, uniq_crazy_yiuf_cottage
D:8:      layout_gridville, minmay_tree_intersection
D:9:      layout_irregular_city, due_lair_maze_entry_diamond, orc_0_dummy
D:10:     layout_loops_ring, lemuel_mausoleum_altar_yredelemnul,
          nicolae_qazlal_general_emergency, uniq_urug, uniq_nergalle,
          uniq_joseph
D:11:     layout_loops_ring, uniq_grum, uniq_josephine
D:12:     layout_rooms, serial_shops, nicolae_shop_stone,
          chequers_serial_rivers_micro_b
D:13:     layout_gridville
D:14:     layout_basic, grunt_vaults_entry_tiered, minmay_misc_feat_chi,
          roderic_roman_lattice, cheibrodos_worm_habitat, uniq_nessos
Lair:1:   layout_loops_ring, serial_bayou_crossing
Lair:2:   layout_regular_city
Lair:3:   layout_small_grid, nicolae_shoals_entry_roost,
          hellmonk_spider_entry_not_the_bees, ebering_ghost_xom
Lair:4:   layout_misc_corridors
Lair:5:   hellmonk_lair_end_abyssal_woods, layout_long_grid,
          nicolae_slime_entry_field_trip, serial_bayou_shore_a,
          grunt_megastairs_2
Orc:1:    layout_caves, basic_altar, hangedman_minor_magic
Orc:2:    st_orc_mages, layout_caves
Abyss:1:  base: D:13, base:
D:10

Notes
Turn   | Place    | Note
-------+----------+-------------------------------------------
     0 | D:1      | demibob the Minotaur Monk began the quest for the Orb.
     0 | D:1      | Reached XP level 1. HP: 19/19 MP: 0/0
    37 | D:1      | Reached skill level 4 in Axes
    84 | D:1      | Reached XP level 2. HP: 18/26 MP: 1/1
   361 | D:1      | Reached skill level 5 in Axes
   400 | D:1      | Reached XP level 3. HP: 26/31 MP: 2/2
   961 | D:2      | Reached skill level 6 in Axes
   961 | D:2      | Reached XP level 4. HP: 10/39 MP: 1/3
  1530 | D:3      | Noticed a scorpion
  1535 | D:3      | Killed a scorpion
  1536 | D:3      | Reached skill level 7 in Axes
  1536 | D:3      | Reached XP level 5. HP: 24/45 MP: 2/4
  1846 | D:3      | Reached skill level 8 in Axes
  1846 | D:3      | Reached XP level 6. HP: 51/51 MP: 5/5
  2373 | D:4      | Found a blossoming altar of Fedhas.
  2373 | D:4      | Found the +5 demon whip "Spellbinder" {antimagic, Will+}
  2484 | D:4      | Reached skill level 9 in Axes
  2626 | D:4      | Found an ornate altar of the Wu Jian Council.
  2812 | D:4      | Became a worshipper of the Wu Jian Council
  2812 | D:4      | Reached * piety under Wu Jian
  2812 | D:4      | Reached ** piety under Wu Jian
  2884 | D:5      | Entered Level 5 of the Dungeon
  2963 | D:4      | Reached XP level 7. HP: 11/57 MP: 2/6
  3225 | D:5      | Reached skill level 10 in Axes
  3465 | D:5      | Reached skill level 11 in Axes
  3922 | D:6      | Reached XP level 8. HP: 51/64 MP: 7/7
  4022 | D:6      | Reached skill level 12 in Axes
  4065 | D:6      | Reached skill level 13 in Axes
  4070 | D:6      | Reached *** piety under Wu Jian
  4204 | D:6      | Found a staircase to the Ecumenical Temple.
  4297 | D:6      | Reached skill level 1 in Armour
  4328 | D:6      | Identified the +4 ring mail of Free Will {rElec rPois
                  | Int-2}
  4341 | D:6      | Reached skill level 4 in Fighting
  4577 | D:6      | Reached skill level 2 in Armour
  4586 | D:6      | Reached XP level 9. HP: 40/73 MP: 8/8
  4807 | D:7      | Reached skill level 3 in Armour
  4815 | D:7      | Reached skill level 5 in Fighting
  4952 | D:7      | Noticed Pikel
  4966 | D:7      | Killed Pikel
  4967 | D:7      | Reached skill level 6 in Fighting
  4967 | D:7      | Reached skill level 14 in Axes
  4967 | D:7      | Reached skill level 4 in Armour
  5023 | D:7      | Reached skill level 5 in Armour
  5154 | D:7      | Found a runed translucent door.
  5155 | D:7      | Noticed Crazy Yiuf
  5182 | D:7      | Found Ryabagut's Antique Weapon Emporium.
  5234 | D:7      | Identified the +2 scale mail of Springtime {rElec}
  5274 | D:7      | Found an iron altar of Okawaru.
  5340 | D:7      | Reached skill level 7 in Fighting
  5351 | D:7      | Reached skill level 6 in Armour
  5546 | D:7      | Killed an angel
  5715 | D:7      | Found Utraessu's One-of-a-Kind Rings.
  5718 | D:7      | Noticed Maggie
  5728 | D:7      | Reached XP level 10. HP: 86/86 MP: 9/9
  5734 | D:7      | Killed Maggie
  5880 | D:7      | Found a glowing silver altar of Zin.
  5880 | D:7      | Found a shimmering altar of Xom.
  5928 | D:7      | Noticed Menkaure
  5933 | D:7      | Killed Menkaure
  6211 | D:7      | Found a burning altar of Makhleb.
  6211 | D:7      | Noticed a blizzard demon
  6214 | D:7      | Noticed a smoke demon
  6214 | D:7      | Noticed a smoke demon
  6396 | D:8      | Noticed a two-headed ogre
  6406 | D:8      | Killed a two-headed ogre
  6407 | D:8      | Reached skill level 8 in Fighting
  6407 | D:8      | Reached skill level 15 in Axes
  6407 | D:8      | Reached skill level 7 in Armour
  6799 | D:9      | Found a staircase to the Orcish Mines.
  6818 | D:9      | Found the +7 Kryia's mail coat {PotionHeal*2 rC+}
  6827 | D:9      | Noticed a two-headed ogre
  6839 | D:9      | Killed a two-headed ogre
  6939 | D:9      | Reached skill level 8 in Armour
  6942 | D:9      | Reached skill level 9 in Fighting
  7186 | D:9      | Reached **** piety under Wu Jian
  7190 | D:9      | Found a staircase to the Lair.
  7195 | D:9      | Reached skill level 9 in Armour
  7195 | D:9      | Reached XP level 11. HP: 82/99 MP: 10/10
  7642 | D:9      | Reached skill level 10 in Fighting
  7698 | D:10     | Entered Level 10 of the Dungeon
  7805 | D:10     | Noticed Nergalle
  7812 | D:10     | Killed Nergalle
  7813 | D:10     | Reached skill level 16 in Axes
  8026 | D:10     | Noticed Joseph
  8035 | D:10     | Killed Joseph
  8048 | D:10     | Noticed a two-headed ogre
  8056 | D:10     | Killed a two-headed ogre
  8057 | D:10     | Reached skill level 10 in Armour
  8130 | D:10     | Reached skill level 11 in Fighting
  8156 | D:10     | Found a basalt altar of Yredelemnul.
  8551 | D:10     | Noticed a two-headed ogre
  8557 | D:10     | Killed a two-headed ogre
  8615 | D:10     | Noticed Urug
  8626 | D:10     | Killed Urug
  8794 | D:10     | Found a stormy altar of Qazlal.
  8903 | Lair:1   | Entered Level 1 of the Lair of Beasts
  8956 | Lair:1   | Reached skill level 11 in Armour
  9004 | Lair:1   | Reached skill level 17 in Axes
  9152 | Lair:1   | Noticed an oklob plant
  9916 | Lair:2   | Reached XP level 12. HP: 112/112 MP: 11/11
  9982 | Lair:2   | Reached skill level 12 in Fighting
 10210 | Lair:2   | Noticed a five-headed hydra
 10233 | Lair:2   | Killed a one-headed hydra
 10858 | Lair:3   | Found a hole to the Spider Nest.
 10868 | Lair:3   | Reached ***** piety under Wu Jian
 10916 | Lair:3   | Reached skill level 12 in Armour
 11188 | Lair:3   | Reached skill level 13 in Fighting
 11327 | Lair:3   | Reached skill level 18 in Axes
 11476 | Lair:3   | Noticed a five-headed hydra
 11486 | Lair:3   | Killed a one-headed hydra
 11558 | Lair:3   | Found a staircase to the Shoals.
 11566 | Lair:3   | Reached skill level 13 in Armour
 11895 | Lair:3   | Found a runed translucent door.
 11896 | Lair:3   | Found a shimmering altar of Xom.
 11896 | Lair:3   | Noticed Liwostraq's ghost (journeyman MeFi)
 11908 | Lair:3   | Reached XP level 13. HP: 123/123 MP: 12/12
 12420 | Lair:4   | Reached skill level 14 in Fighting
 12848 | Lair:4   | Reached skill level 14 in Armour
 13357 | Lair:5   | Entered Level 5 of the Lair of Beasts
 13402 | Lair:4   | Reached skill level 19 in Axes
 13674 | Orc:1    | Entered Level 1 of the Orcish Mines
 13709 | Orc:1    | Paralysed by an orc sorcerer for 4 turns
 13773 | Orc:2    | Entered Level 2 of the Orcish Mines
 14017 | Orc:2    | Reached ****** piety under Wu Jian
 14563 | D:11     | Reached skill level 15 in Fighting
 14584 | D:11     | Identified the +3 quarterstaff "Ciaxtiwk" {speed, Str+3
                  | Int+3}
 14843 | D:11     | Noticed Grum
 14856 | D:11     | Killed Grum
 14978 | D:11     | Noticed Josephine
 14989 | D:11     | Killed Josephine
 15590 | D:12     | Reached skill level 15 in Armour
 15895 | D:12     | Reached XP level 14. HP: 116/135 MP: 13/13
 15974 | D:12     | Found Lisamm's General Store.
 16853 | D:13     | Identified the +0 ring mail "Fidacyl" {rCorr}
 17343 | D:14     | Noticed Nessos
 17364 | D:14     | Killed Nessos
 17365 | D:14     | Reached skill level 16 in Fighting
 17539 | D:14     | Reached skill level 20 in Axes
 17539 | D:14     | Reached skill level 1 in Evocations
 18074 | Orc:2    | Noticed an orc warlord
 18083 | Orc:1    | Reached skill level 2 in Evocations
 18448 | Lair:5   | Reached skill level 16 in Armour
 18450 | Lair:5   | Reached skill level 3 in Evocations
 18539 | Lair:5   | Found a staircase to the Slime Pits.
 18985 | Lair:5   | Reached skill level 4 in Evocations
 19600 | Lair:5   | Reached skill level 17 in Fighting
 19757 | Lair:5   | Noticed a quicksilver ooze
 19765 | Lair:5   | Killed a quicksilver ooze
 19901 | Lair:5   | Identified the +6 hand axe of Fygebog {flame, *Noise Str+4
                  | Int+2 Dex+5}
 19998 | Lair:5   | Reached skill level 5 in Evocations
 20020 | Lair:5   | Reached XP level 15. HP: 77/147 MP: 14/14
 20179 | Lair:5   | You are cast into the Abyss!
 20179 | Abyss:1  | Cast into level 1 of the Abyss (spriggan)
 20202 | Abyss:1  | Found a corrupted altar of Lugonu.
 20242 | Abyss:1  | Found a corrupted altar of Lugonu.
 20280 | Abyss:1  | Lost intelligence.
 20289 | Abyss:1  | >>death
 20289 | Abyss:1  | >>lmao
 20291 | Abyss:1  | Reached skill level 17 in Armour
 20291 | Abyss:1  | HP: 5/117 [wretched star/lance of force (13)]
 20291 | Abyss:1  | Collided with a stone wall

Vanquished Creatures
  A quicksilver ooze (shapeshifter) (Lair:5)
  Nessos (D:14)
  Josephine (D:11)
  3 hydras
  A catoblepas (Lair:5)
  4 boulder beetles
  A centaur warrior (D:13)
  6 two-headed ogres
  8 death yaks
  An orc high priest (Orc:1)
  Urug (D:10)
  3 thrashing horrors (Lair:5)
  Nergalle (D:10)
  A wretched star (Abyss:1)
  2 harpies (Lair:3)
  Pikel (D:7)
  A wizard (D:14)
  2 deep elf pyromancers (D:12)
  5 orc sorcerers (Orc:1)
  3 ugly things
  2 manticores
  2 cyclopes
  19 elephants
  Joseph (D:10)
  6 black mambas
  A gargoyle (D:12)
  2 torpor snails
  A black mamba (shapeshifter) (Lair:5)
  A smoke demon (Lair:5)
  2 rime drakes
  11 cane toads
  4 centaur zombies (D:10)
  3 kobold demonologists
  2 unseen horrors (D:12)
  2 komodo dragons
  Maggie (D:7)
  An ancient zyme (Lair:5)
  A meliai (Lair:3)
  A polar bear (Lair:4)
  3 trolls
  24 blink frogs
  5 dream sheep (Lair:4)
  A meliai zombie (D:10)
  A jumping spider (shapeshifter) (Lair:5)
  41 yaks
  7 wyverns
  A ynoxinul (Lair:5)
  6 wraiths
  2 vampires
  6 humans
  5 basilisks
  10 small abominations (Lair:5)
  11 vampire mosquitoes
  Grum (D:11)
  A warg (Orc:1)
  Menkaure (D:7)
  An acid dragon (D:13)
  15 water moccasins
  12 orc warriors
  A sky beast (D:7)
  3 black bears
  16 wolves
  3 centaurs
  4 ogres
  6 kobold brigands
  2 phantoms
  14 bullfrogs
  6 necrophages
  A gnoll sergeant (D:10)
  4 scorpions
  10 wights
  13 killer bees
  2 electric eels
  A vampire bat (D:3)
  10 howler monkeys
  6 hounds
  A human zombie (D:10)
  A gnoll bouda (D:6)
  9 jellies
  10 orc priests
  2 iguanas (D:5)
  14 orc wizards
  4 hell rats (Lair:5)
  A howler monkey zombie (D:10)
  7 adders
  8 gnolls
  3 white imps
  2 ufetubi
  2 worms (D:2)
  3 dart slugs
  7 fire bats
  44 orcs
  2 spectral bats (D:3)
  7 ball pythons
  3 bat skeletons (D:3)
  A bat zombie (D:3)
  14 endoplasms
  7 giant cockroaches
  6 goblins
  8 hobgoblins
  11 jackals (D:4)
  7 quokkas
  14 bats
  A bat simulacrum (D:3)
  2 frilled lizards
  17 kobolds
  2 rats (D:2)
586 creatures vanquished.

Vanquished Creatures (collateral kills)
  A troll (Orc:1)
  An orc warrior (Orc:1)
  An ogre (Orc:1)
3 creatures vanquished.

Vanquished Creatures (others)
  An angel (D:7)
  A wizard (D:14)
  An orc wizard (Orc:2)
  An orc (Orc:1)
  2 bushes (Lair:4)
  61 fungi
  90 plants
157 creatures vanquished.

Grand Total: 746 creatures vanquished

Table legend: (Time is in decaauts)
 A = Elapsed time spent in this place.
 B = Non-inter-level travel time spent in this place.
 C = Inter-level travel time spent in this place.
 D = Time resting spent in this place.
 E = Time spent auto-exploring this place.
 F = Levels seen in this place.
 G = Mean time per level.
                   A        B        C        D        E       F      G
               +--------+--------+--------+--------+--------+-----+--------+
         Total |  20163 |  19092 |   1071 |   3546 |  12405 |  22 |  916.5 |
       Dungeon |  12316 |  11622 |    694 |   1594 |   8054 |  14 |  879.7 |
          Lair |   6483 |   6149 |    334 |    990 |   4198 |   5 | 1296.6 |
  Orcish Mines |   1250 |   1208 |     42 |    961 |     82 |   2 |  625.0 |
         Abyss |    112 |    112 |      0 |      0 |     70 |   1 |  112.0 |
               +--------+--------+--------+--------+--------+-----+--------+

Top non-repeatable levels by time:
  Lair:5: 1704 daAuts
  Lair:3: 1589 daAuts
     D:7: 1489 daAuts
  Lair:4: 1235 daAuts
    D:10: 1210 daAuts
   Orc:1: 1173 daAuts
     D:4: 1084 daAuts
     D:9: 1011 daAuts
  Lair:2: 1001 daAuts
    D:13: 1000 daAuts
     D:6: 953 daAuts
  Lair:1: 952 daAuts
    D:11: 931 daAuts
     D:1: 820 daAuts
    D:12: 818 daAuts

Table legend:
 A = Non-vault XP
 B = Vault XP
 C = Vault XP percentage of total XP
 D = Non-vault monster count
 E = Vault monster count
 F = Vault count percentage of total count
                 A         B        C        D         E       F
            +---------+---------+-------+---------+---------+-------
      Total |   77870 |   28797 |  27.0 |     447 |     143 |  24.2
            +---------+---------+-------+---------+---------+-------
        D:1 |      55 |       0 |   0.0 |      28 |       0 |   0.0
        D:2 |      58 |      12 |  17.1 |      17 |       5 |  22.7
        D:3 |     106 |     176 |  62.4 |      15 |      20 |  57.1
        D:4 |     351 |       0 |   0.0 |      33 |       0 |   0.0
        D:5 |     439 |       0 |   0.0 |      13 |       0 |   0.0
        D:6 |    1323 |     415 |  23.9 |      25 |       2 |   7.4
        D:7 |    1535 |    1673 |  52.2 |      28 |       7 |  20.0
        D:8 |    1087 |       0 |   0.0 |       5 |       0 |   0.0
        D:9 |    3233 |    1338 |  29.3 |      27 |      10 |  27.0
       D:10 |    3381 |    4542 |  57.3 |      24 |      15 |  38.5
       D:11 |    4354 |    1954 |  31.0 |      16 |       7 |  30.4
       D:12 |    6776 |       0 |   0.0 |      16 |       0 |   0.0
       D:13 |    4008 |       0 |   0.0 |      17 |       0 |   0.0
       D:14 |    2623 |    1715 |  39.5 |       7 |       5 |  41.7
     Lair:1 |    1762 |       0 |   0.0 |       5 |       0 |   0.0
     Lair:2 |    4545 |       0 |   0.0 |      21 |       0 |   0.0
     Lair:3 |   11497 |    1840 |  13.8 |      35 |       7 |  16.7
     Lair:4 |   11782 |       0 |   0.0 |      39 |       0 |   0.0
     Lair:5 |   13370 |   12831 |  49.0 |      35 |      48 |  57.8
      Orc:1 |    3727 |    1760 |  32.1 |      21 |       6 |  22.2
      Orc:2 |     286 |     541 |  65.4 |      14 |      11 |  44.0
    Abyss:1 |    1572 |       0 |   0.0 |       6 |       0 |   0.0
            +---------+---------+-------+---------+---------+-------
